 Dungeon Crawl Stone Soup version 0.31-a0-370-g25055926c8 (webtiles) character file.

Game seed: 6806004008461549763

49 Conn the Firebug (level 3, -2/22 HPs)
             Began as an Octopode Fire Elementalist on July 29, 2023.
             Slain by Sigmund
             ... wielding a +0 scythe
              (7 damage)
             ... on level 2 of the Dungeon.
             The game lasted 00:03:29 (984 turns).

Conn the Firebug (Octopode Fire Elementalist)        Turns: 984, Time: 00:03:30

Health: -2/22      AC:  1    Str:  7    XL:     3   Next: 77%
Magic:  3/6        EV: 13    Int: 19    God:
Gold:   85         SH:  0    Dex: 12    Spells: 0/6 levels left

rFire   . . .        f - +2 short sword (speed)
rCold   . . .        (no shield)
rNeg    . . .        (helmet restricted)
rPois   .            (no amulet)
rElec   .            e - ring of wizardry
rCorr   .            (no ring)
SInv    .            (no ring)
Will    +....        (no ring)
Stlth   +++          (no ring)
HPRegen 0.23/turn    (no ring)
MPRegen 0.10/turn    (no ring)
                     (no ring)

%: wizardry (x1)
@: mighty, enlightened, flying
A: almost no armour, amphibious, 8 rings, camouflage 1, gelatinous body 1,
(nimble swimmer 1), tentacles
a: no special abilities


You were on level 2 of the Dungeon.
You visited 1 branch of the dungeon, and saw 2 of its levels.

You collected 85 gold pieces.

Inventory:

Hand Weapons
 f - a +2 short sword of speed (weapon)
Jewellery
 e - a ring of wizardry (left tentacle)
Scrolls
 g - a scroll of identify {unknown}
Potions
 a - a potion of magic


   Skills:
 * Level 0.9 Fighting
 + Level 0.1 Short Blades
 + Level 2.1 Dodging
 + Level 3.0 Stealth
 * Level 2.4 Spellcasting
 * Level 1.0 Conjurations
 + Level 3.9 Fire Magic


You couldn't memorise any spells.
You knew the following spells:

 Your Spells              Type           Power      Damage    Failure   Level
a - Foxfire               Conj/Fire      44%        2x1d6     2%          1
b - Scorch                Fire           34%        2d6       1%          2
c - Inner Flame           Hex/Fire       9%         N/A       9%          3

Your spell library contained the following spells:

 Spells                   Type           Power      Damage    Failure   Level
 Magic Dart               Conj           24%        1d4       4%          1
 Searing Ray              Conj           12%        2d4       6%          2
 Volatile Blastmotes      Fire/Tloc      18%        2d11      9%          3
 Flame Wave               Conj/Fire      11%        2d6       24%         4
 Fulminant Prism          Conj/Hex       2%         3d5       45%         4


Dungeon Overview and Level Annotations

Branches:
Dungeon (2/15)

Altars:

Annotations:
D:2 Sigmund


Innate Abilities, Weirdness & Mutations

You cannot wear most types of armour.
You are amphibious.
You can wear up to eight rings at the same time.
Your skin changes colour to match your surroundings (Stealth+).
Your rubbery body absorbs attacks. (AC +1, EV +1)
((You are camouflaged when in or above water. (Stealth+)))
You have tentacles for arms and can constrict up to eight enemies at once.


Message History

You miscast Inner Flame.
You are very lightly contaminated with residual magic.
Nothing appears to happen.
Sigmund shouts!
The hobgoblin shouts!
Sigmund casts a spell at you.
You are confused.
A rat comes into view.
It was a potion of enlightenment.
You feel very buoyant.
You fly up into the air.
It was a potion of might.
You feel very mighty all of a sudden. Sigmund hits you with a +0 scythe!
Ouch! That really hurt!
Okay, then.
Unknown command.
Unknown command.
Sigmund casts a spell.
Sigmund flickers and vanishes!
Deactivating autopickup; reactivate with Ctrl-A.
You puncture the hobgoblin!
You kill the hobgoblin!
A magic dart appears from out of thin air!
The magic dart hits you.
* * * LOW HITPOINT WARNING * * *
Okay, then.
Unknown command.
You are too confused!
Unknown command.
Unknown command.
You bump into the rock wall.
You feel less confused.
Your magical contamination has completely faded away.
Casting: Inner Flame (quite dangerous; 9% risk of failure)
Confirm with . or Enter, or press ? or * to list all spells.
Okay, then.
As you read the scroll labelled YNOIRA KIEDDUHO, it crumbles to dust.
The creatures around you are filled with an inner flame!
It was a scroll of immolation.
Something hits you!
You die...

#..... #...... .. #...... ...
#...... ###...#.......
#####.....## ##r............#
##..........######..............#
#...............@..).............
...............†###............#
..............### ............#
..............# >...........##
<†............# #..#..........
..............# ..#....@†K..#
#...............# ..#..<#######
##............#.. #...#
###...######..... #####


You could see a rat (inner flame).

Vanquished Creatures
  An adder (D:2)
  5 bats (D:1)
  An endoplasm (D:1)
  3 giant cockroaches
  A goblin (D:1)
  5 hobgoblins
  8 jackals (D:1)
  A quokka (D:1)
  2 ball pythons (D:1)
  2 frilled lizards (D:1)
  4 kobolds (D:1)
33 creatures vanquished.

Vanquished Creatures (others)
  43 foxfires
43 creatures vanquished.

Grand Total: 76 creatures vanquished

Notes
Turn   | Place    | Note
-------+----------+-------------------------------------------
     0 | D:1      | Conn the Octopode Fire Elementalist began the quest for the
                  | Orb.
     0 | D:1      | Reached XP level 1. HP: 11/11 MP: 3/3
   129 | D:1      | Reached XP level 2. HP: 14/17 MP: 0/5
   456 | D:1      | Reached XP level 3. HP: 21/21 MP: 6/6
   472 | D:1      | Learned a level 2 spell: Scorch
   476 | D:1      | Learned a level 3 spell: Inner Flame
   793 | D:2      | Noticed Sigmund
   984 | D:2      | Slain by Sigmund

Illustrated notes

Levels and vault maps discovered:
D:1:      tarquinn_simple_flora_water_a, layout_rooms
D:2:      layout_rooms, grunt_ministairs_1, uniq_sigmund

Skill      XL: |  1  2  3 |
---------------+----------+-----
Stealth        | 3 |  3.0
Fighting       | |  0.9
Short Blades   | |  0.1
Dodging        | |  2.1
Spellcasting   | |  2.4
Conjurations   | |  1.0
Fire Magic     | |  3.9

Action                     || total
---------------------------++-------
  Melee: Unarmed           ||    17
         Constrict         ||     8
         Tentacles         ||     8
         Short sword       ||    22
         Rapier            ||     1
   Cast: Foxfire           ||    27
         Inner Flame       ||     2
    Use: Potion            ||     2
         Scroll            ||     1
   Stab: Sleeping          ||     6
 Armour: Skin              ||     3
  Dodge: Dodged            ||    18

Table legend: (Time is in decaauts)
 A = Elapsed time spent in this place.
 B = Non-inter-level travel time spent in this place.
 C = Inter-level travel time spent in this place.
 D = Time resting spent in this place.
 E = Time spent auto-exploring this place.
 F = Levels seen in this place.
 G = Mean time per level.
                   A        B        C        D        E       F      G
               +--------+--------+--------+--------+--------+-----+--------+
         Total |    975 |    955 |     20 |     52 |    582 |   2 |  487.5 |
       Dungeon |    975 |    955 |     20 |     52 |    582 |   2 |  487.5 |
               +--------+--------+--------+--------+--------+-----+--------+

Top non-repeatable levels by time:
     D:1: 863 daAuts
     D:2: 111 daAuts
